 Dungeon Sprint DCSS version 0.27.1-33-g824d729ab1 (webtiles) character file.

Game seed: 10659854097140033268

267 Adenis the Unseen (level 6, -2/47 HPs)
             Began as a Vampire Brigand on Dec 7, 2021.
             Splashed by a jelly's acid (9 damage)
             ... in the Dungeon (Sprint I: "Red Sonja").
             The game lasted 00:00:40 (125 turns).

Adenis the Unseen (Vampire Brigand)                  Turns: 125, Time: 00:00:41

Health: -2/47      AC: -5    Str:  7 (10) XL:     6   Next: 0%
Magic:  6/6        EV: 12    Int: 12 (14) God:
Gold:   162        SH:  0    Dex: 14 (17) Spells: 5/5 levels left

rFire    . . .     SeeInvis +   a - +2 dagger
rCold    . . .     Faith    .   (no shield)
rNeg     . . .     Spirit   .   b - +0 robe
rPois    .         Reflect  .   (no helmet)
rElec    .         Harm     .   c - +0 cloak
rCorr    .         Rampage  .   (no gloves)
Will     .....     NoTele   +   (no boots)
Stlth    ++++++....             (no amulet)
HPRegen  0.35/turn              (no ring)
MPRegen  0.10/turn              (no ring)

@: corroded, healing quickly
A: alive, fangs 3, see invisible, vampiric 2
a: Exsanguinate


You were in the Dungeon.
You visited 1 branch You collected 162 gold pieces.

Inventory:

Hand Weapons
 a - a +2 dagger (weapon)
Missiles
 d - 8 poisoned darts (quivered)
 e - 2 curare-tipped darts
Armour
 b - a +0 robe (worn)
 c - a +0 cloak (worn)
Scrolls
 k - a scroll of blinking
Potions
 f - a potion of curing
 g - a potion of heal wounds
 i - 2 potions of magic
 j - a potion of berserk rage


   Skills:
 + Level 3.6 Fighting
 + Level 4.6 Short Blades
 + Level 3.3 Throwing
 + Level 1.6 Dodging
 + Level 16.2 Stealth


You had 5 spell levels left.
You didn't know any spells.
Your spell library was empty.

Dungeon Overview and Level Annotations

Branches:
Dungeon (1/1)

Altars:
Sif Muna
Vehumet
Wu Jian


Innate Abilities, Weirdness & Mutations

Your natural rate of healing is accelerated.
You have razor-sharp teeth.
You have supernaturally acute eyesight. (SInv)
You are afflicted with vampirism and can become a bat while bloodless.


Message History

You now have 108 gold pieces (gained 27).
You now have 135 gold pieces (gained 27).
You now have 162 gold pieces (gained 27).
You open the door.
Found a scroll labelled KEWEGG NATER and 6 gold pieces.
Found two altars.
A jelly comes into view.
There is an open door here.
Found a radiant altar of Vehumet.
You see here a scroll labelled KEWEGG NATER.
You see here 6 gold pieces.
The jelly quivers.
You hit the jelly. The acid corrodes you!
Your hands burn!
The jelly is moderately wounded.
The jelly closely misses you.
You hit the jelly.
Your hands burn!
The jelly is moderately wounded.
The jelly hits you.
You are splashed with acid!
You hit the jelly.
Your hands burn!
The jelly is heavily wounded.
The jelly hits you.
You are splashed with acid!
* * * LOW HITPOINT WARNING * * *
You hit the jelly. The acid corrodes you!
Your hands burn!
* * * LOW HITPOINT WARNING * * *
The jelly is severely wounded.
You hit the jelly but do no damage.
Your hands burn!
* * * LOW HITPOINT WARNING * * *
The jelly is severely wounded.
The jelly closely misses you.
It was a potion of degeneration.
There was something very wrong with that liquid.
You feel weakened.
You feel dopey.
You feel clumsy. The jelly barely misses you.
You hit the jelly.
Your hands burn!
* * * LOW HITPOINT WARNING * * *
The jelly is severely wounded.
The jelly hits you.
* * * LOW HITPOINT WARNING * * *
You are splashed with acid!
You die...

################
#<.#.))..#.)'..#
#..'..#..'..#..+
#..#####'#####'#
#..# #..# #?#
#..# #### ##$#
#..# #_@+ #⌠⌠#
+..J_# ####
#_.#+# ##+


You could see a jelly.

Vanquished Creatures
  Sigmund (D)
  An ogre (D)
  Ijyb (D)
3 creatures vanquished.

Notes
Turn   | Place    | Note
-------+----------+-------------------------------------------
     0 | D        | Adenis the Vampire Brigand began the quest for the Orb.
     0 | D        | Reached XP level 1. HP: 16/16 MP: 1/1
     2 | D        | Noticed Ijyb
     5 | D        | Killed Ijyb
     6 | D        | Reached skill level 9 in Stealth
     6 | D        | Reached XP level 2. HP: 22/22 MP: 2/2
     7 | D        | Noticed an ogre
    15 | D        | Killed an ogre
    16 | D        | Reached skill level 12 in Stealth
    16 | D        | Gained mutation: You are afflicted with vampirism and can
                  | become a bat while bloodless. [Vampire growth]
    16 | D        | Reached XP level 3. HP: 12/28 MP: 3/3
    16 | D        | Reached XP level 4. HP: 14/34 MP: 4/4
    97 | D        | Noticed Sigmund
   100 | D        | Killed Sigmund
   101 | D        | Reached skill level 16 in Stealth
   101 | D        | Reached XP level 5. HP: 41/41 MP: 5/5
   101 | D        | Reached XP level 6. HP: 47/47 MP: 6/6
   114 | D        | Found an ornate altar of the Wu Jian Council.
   114 | D        | Found a shimmering blue altar of Sif Muna.
   116 | D        | Found a radiant altar of Vehumet.
   125 | D        | Splashed by a jelly's acid

Illustrated notes

Levels and vault maps discovered:
D:        dungeon_sprint_1 [red_sonja_temple_1, red_sonja_temple_small_1]

Skill      XL: |  1  2  3  4 |
---------------+-------------+-----
Fighting       | 2 3 |  3.6
Throwing       | 2 3 |  3.3
Stealth        | 9 12 16 | 16.2
Short Blades   | 3 4 |  4.6
Dodging        | |  1.6

Action                   |  1- 3 |  4- 6 || total
-------------------------+-------+-------++-------
Melee: Dagger            |     8 |     7 ||    15
       Bite              |     2 |       ||     2
  Use: Potion            |     1 |     1 ||     2
 Stab: Sleeping          |     1 |     1 ||     2
Dodge: Dodged            |     1 |     3 ||     4
